 Dungeon Crawl Stone Soup version 0.28-a0-1435-g82390b3a13 (webtiles) character file.

Game seed: 14940409723125192241

968 Lekart the Skirmisher (level 7, -7/63 HPs)
             Began as a White Draconian Fighter on Jan 9, 2022.
             Mangled by a water moccasin (9 damage)
             ... on level 6 of the Dungeon.
             The game lasted 00:05:40 (4211 turns).

Lekart the Skirmisher (White Draconian Fighter)     Turns: 4211, Time: 00:05:40

Health: -7/63      AC:  2    Str: 19    XL:     7   Next: 93%
Magic:  7/7        EV: 13    Int:  8    God:
Gold:   249        SH:  5    Dex: 12    Spells: 6/6 levels left

rFire   . . .      SeeInvis .   a - +0 long sword
rCold   + . .      Faith    .   b - +0 buckler
rNeg    . . .      Spirit   .   (armour unavailable)
rPois   .          Reflect  .   (helmet restricted)
rElec   .          Harm     .   (no cloak)
rCorr   .          Rampage  .   (no gloves)
Will    .....                   (no boots)
Stlth   +.........              k - amulet of magic regeneration
HPRegen 0.20/turn               q - ring of flight
MPRegen 0.50/turn               (no ring)

@: mighty, corroded, flying, mesmerised
A: breathe frost, AC +6, unfitting armour, cold resistance 1, cold-blooded
a: Breathe Frost


You were on level 6 of the Dungeon.
You visited 1 branch of the dungeon, and saw 5 of its levels.

You collected 249 gold pieces.

Inventory:

Hand Weapons
 a - a +0 long sword (weapon)
Armour
 b - a +0 buckler (worn)
Jewellery
 k - an amulet of magic regeneration (around neck)
 q - a ring of flight (left hand)
 s - a +6 ring of dexterity
Scrolls
 f - 5 scrolls of identify
 g - a scroll of magic mapping {unknown}
 h - a scroll of enchant armour {unknown}
 m - a scroll of enchant weapon {unknown}
 n - a scroll of teleportation {unknown}
 o - a scroll of vulnerability {unknown}
 p - a scroll of torment {unknown}
 r - a scroll of noise {unknown}
Potions
 d - a potion of flight
 e - a potion of ambrosia {unknown}
 i - 2 potions of magic {unknown}
 j - a potion of lignification {unknown}
 l - a potion of brilliance {unknown}
 u - a potion of curing {unknown}


   Skills:
 * Level 6.2 Fighting
 + Level 5.3 Long Blades
 + Level 2.9 Throwing
 + Level 4.4 Dodging
 + Level 4.0 Shields


You had 6 spell levels left.
You didn't know any spells.
Your spell library was empty.

Dungeon Overview and Level Annotations

Branches:
Dungeon (6/15)
 Temple: D:4-7

Altars:
Nemelex Xobeh

Annotations:
D:1 exclusion: 2 downstairs
D:5 2 transporters
D:6 Dowan, Duvessa, Maggie


Innate Abilities, Weirdness & Mutations

You can breathe waves of freezing cold which knock back foes.
Your icy white scales are hard. (AC +6)
You cannot fit into any form of body armour.
Your flesh is cold resistant. (rC+)
You are cold-blooded and may be slowed by cold attacks.


Message History

Maggie mumbles some strange words.
Maggie attempts to bespell you!
You are mesmerised by Maggie!
The iguana hisses angrily.
The water moccasin hisses angrily.
A jelly comes into view.
Maggie zaps a wand.
The mass of ice explodes!
The iceblast engulfs you! You partially resist.
The iceblast engulfs the water moccasin!
The jelly quivers.
You cannot move away from Maggie!
Unknown command.
You cannot move away from Maggie!
You cannot move away from Maggie!
You cannot move away from Maggie!
You cannot move away from Maggie!
The water moccasin barely misses you. x2
The water moccasin barely misses you.
Maggie looks more healthy.
The water moccasin closely misses you.
A jelly comes into view.
The water moccasin closely misses you.
Okay, then.
You feel very mighty all of a sudden.
The jelly quivers.
The water moccasin bites you. The iguana misses you.
You barely miss the iguana. The water moccasin bites you. The iguana bites you!
The water moccasin bites you.
You slash the iguana!
The iguana is severely wounded.
The water moccasin barely misses you. The jelly hits you.
The acid corrodes you!
You are splashed with acid!
* * * LOW HITPOINT WARNING * * *
The iguana hisses menacingly.
The iguana bites you!
* * * LOW HITPOINT WARNING * * *
You block Maggie's attack. The iguana barely misses you.
Maggie casts a spell.
Maggie draws you further into her thrall.
The water moccasin bites you!
You die...

........... ##
. .## .. ..##
.. #.! .# ##.#
.##.$
##.###.@#.....#
#...J..Sl....#
.......J.@##.(.
.......####
....... .......
....### ####


You could see Maggie (mesmerising, slow), a water moccasin, an iguana and 2
jellies.

Vanquished Creatures
  Sigmund (D:5)
  A water moccasin (D:5)
  An ice beast (D:5)
  2 necrophages (D:5)
  An ogre (D:5)
  A scorpion (D:5)
  A water moccasin zombie (D:5)
  A centaur skeleton (D:5)
  An orc wizard (D:5)
  5 gnolls
  7 adders
  An ufetubus (D:5)
  2 dart slugs
  3 orcs (D:5)
  8 ball pythons
  5 bats
  9 endoplasms
  5 giant cockroaches
  4 goblins
  8 hobgoblins
  2 jackals (D:2)
  3 quokkas
  6 frilled lizards
  2 kobolds
  4 rats
84 creatures vanquished.

Notes
Turn   | Place    | Note
-------+----------+-------------------------------------------
     0 | D:1      | Lekart the Draconian Fighter began the quest for the Orb.
     0 | D:1      | Reached XP level 1. HP: 19/19 MP: 1/1
    67 | D:1      | Reached XP level 2. HP: 12/26 MP: 2/2
   495 | D:1      | Reached XP level 3. HP: 16/33 MP: 3/3
   741 | D:1      | Reached skill level 4 in Fighting
  1234 | D:2      | Found a sparkling altar of Nemelex Xobeh.
  1752 | D:2      | Reached XP level 4. HP: 39/40 MP: 4/4
  2953 | D:3      | You fall into a shaft and drop 3 floors!
  2953 | D:6      | Noticed Duvessa
  2953 | D:6      | Noticed Dowan
  2960 | D:5      | Entered Level 5 of the Dungeon
  2960 | D:5      | Noticed a necrophage
  2970 | D:5      | Killed a necrophage
  2971 | D:5      | Reached XP level 5. HP: 27/47 MP: 5/5
  2992 | D:5      | Noticed an ogre
  2993 | D:5      | Noticed an ice beast
  3004 | D:5      | Killed an ogre
  3005 | D:5      | Reached skill level 5 in Fighting
  3005 | D:5      | Reached skill level 1 in Throwing
  3005 | D:5      | Reached XP level 6. HP: 34/56 MP: 6/6
  3038 | D:5      | Killed an ice beast
  3393 | D:5      | Noticed Sigmund
  3421 | D:5      | Killed Sigmund
  3422 | D:5      | Your scales start taking on an icy white colour.
  3422 | D:5      | Reached XP level 7. HP: 62/62 MP: 7/7
  3422 | D:5      | Gained mutation: Your flesh is cold resistant. (rC+) [White
                  | Draconian growth]
  3603 | D:5      | Found a transporter.
  3622 | D:5      | Found a transporter.
  3680 | D:5      | Reached skill level 5 in Long Blades
  3721 | D:5      | Reached skill level 6 in Fighting
  4197 | D:6      | Noticed Maggie
  4210 | D:6      | HP: 2/63 [iguana (12)]
  4211 | D:6      | Mangled by a water moccasin

Illustrated notes

Levels and vault maps discovered:
D:1:      lemuel_arrival_river_ford, layout_basic
D:2:      layout_loops_corners, basic_altar
D:3:      layout_rooms, st_stairs_11, minmay_misc_feat_ornament
D:5:      gammafunk_steamed_eel, layout_cave_pools, minmay_misc_feat_alley,
          uniq_sigmund
D:6:      layout_cave_pools, minmay_temple_entry_ruins, patterned_corridor,
          uniq_maggie, uniq_duvessa, uniq_crazy_yiuf_cottage

Skill      XL: |  1  2  3  4  5  6  7 |
---------------+----------------------+-----
Fighting       | 4 5 6 |  6.2
Dodging        | 3 4 |  4.4
Long Blades    | 3 4 5 |  5.3
Throwing       | 1 2 |  2.9
Shields        | 4 |  4.0

Action                   |  1- 3 |  4- 6 |  7- 9 || total
-------------------------+-------+-------+-------++-------
Melee: Long sword        |    86 |    55 |    57 ||   198
       Tailslap          |    10 |     8 |     6 ||    24
Throw: Dart              |       |    26 |     3 ||    29
       Throwing net      |       |     1 |       ||     1
 Abil: Breathe Frost     |       |       |     2 ||     2
  Use: Scroll            |       |     1 |       ||     1
       Potion            |       |     1 |     1 ||     2
 Stab: Sleeping          |     2 |       |       ||     2
       Distracted        |     1 |       |       ||     1
Armor: Skin              |    27 |    28 |    15 ||    70
Dodge: Dodged            |    56 |    44 |    35 ||   135
Block: Buckler           |    22 |    15 |    12 ||    49

Table legend: (Time is in decaauts)
 A = Elapsed time spent in this place.
 B = Non-inter-level travel time spent in this place.
 C = Inter-level travel time spent in this place.
 D = Time resting spent in this place.
 E = Time spent auto-exploring this place.
 F = Levels seen in this place.
 G = Mean time per level.
                   A        B        C        D        E       F      G
               +--------+--------+--------+--------+--------+-----+--------+
         Total |   4278 |   4124 |    154 |    952 |   2414 |   5 |  855.6 |
       Dungeon |   4278 |   4124 |    154 |    952 |   2414 |   5 |  855.6 |
               +--------+--------+--------+--------+--------+-----+--------+

Top non-repeatable levels by time:
     D:1: 1515 daAuts
     D:5: 1254 daAuts
     D:2: 1030 daAuts
     D:3: 457 daAuts
     D:6: 21 daAuts
